Sabres vs Coyotes (R1)

Created - 10 décembre 2015 at 19:17

Goals
1 2 3 T
Sabres 0 3 0 3
Coyotes 0 0 1 1
Shots
1 2 3 T
Sabres 13 9 6 28
Coyotes 3 10 4 17

1st period

No Goal

Penalties :
Anton Stralman (Ari) for Boarding (Minor) at 0:11, Chad Larose (Ari) for Tripping (Minor) at 15:27

2nd period

1. Sabres , Sam Gagner 5 (Ole-Kristian Tollefsen) at 8:48 (SH)
2. Sabres , Michael Rupp 3 (Steve Downie, Niclas Bergfors) at 12:45 (PP)
3. Sabres , Johnny Boychuk 4 (Michael Rupp, Michal Neuvirth) at 14:51 (SH)

Penalties :
Antoine Roussel (Buf) for Hooking (Minor) at 1:43, Adrian Aucoin (Ari) for Holding Stick (Minor) at 4:07, Mike Fisher (Buf) for Slashing (Minor) at 8:06, Antoine Roussel (Buf) for Diving (Minor) at 10:45, Nazem Kadri (Ari) for Tripping (Minor) at 11:53, Jay McKee (Buf) for Holding (Minor) at 13:03, Sam Gagner (Buf) for Cross-checking (Minor) at 16:16, Mike Leclerc (Buf) for Hooking (Minor) at 17:07

3rd period

4. Coyotes , Marian Gaborik 16 (Tyler Ennis, Tim Connolly) at 14:15 (PP)

Penalties :
Jan Hlavac (Ari) for Interference (Minor) at 2:42, Chad Larose (Ari) for Tripping (Minor) at 8:28, Jay McKee (Buf) for Slashing (Double Minor) at 13:08

Goalie Stats

Michal Neuvirth (Buf), 16 saves from 17 shots - (0,941), W, 13-7-1, 60:00 minutes
Ryan Miller (Ari), 25 saves from 28 shots - (0,893), L, 11-14-1, 60:00 minutes

Players Stats for Sabres

Player Name              G  A  P  +/- PIM S  H  SB GA TA FO     MP     PP MP  PK MP  
------------------------------------------------------------------------------------
Antoine Roussel          0  0  0   0  4   2  2  0  1  2  0/0    13:41   4:54   0:00 
Daniel Cleary            0  0  0   1  0   2  1  0  0  0  0/0    10:08   0:00   3:02 
Derick Brassard          0  0  0   0  0   0  1  1  0  1  11/22  18:32   5:02   0:30 
Greg Campbell            0  0  0   0  0   1  2  0  0  0  7/15   16:11   0:00   8:02 
Jay McKee                0  0  0   0  6   1  0  0  0  1  0/0    19:10   5:07   3:03 
Johnny Boychuk           1  0  1   1  0   1  1  2  1  1  0/0    20:30   5:07   5:08 
Jonas Hoglund            0  0  0   0  0   1  0  0  0  0  0/0     7:37   0:00   0:00 
Joni Pitkanen            0  0  0   1  0   2  0  3  0  3  0/0    28:08   4:42   7:53 
Michael Rupp             1  1  2   1  0   3  1  0  0  0  0/0    11:29   0:04   2:02 
Mike Fisher              0  0  0   0  2   1  1  0  0  0  2/5     8:32   0:00   2:32 
Mike Leclerc             0  0  0   0  2   0  0  0  0  0  1/1    14:05   0:00   6:42 
Nathan Paetsch           0  0  0   1  0   0  1  1  0  0  0/0    11:41   0:10   0:04 
Niclas Bergfors          0  1  1   0  0   7  1  1  2  0  0/2    18:02   5:02   0:00 
Ole-Kristian Tollefsen   0  1  1   1  0   1  3  3  1  0  0/0    28:00   4:46   7:53 
Ryan Hollweg             0  0  0   0  0   0  5  0  0  0  0/0    17:19   4:59   0:00 
Sam Gagner               1  0  1   2  2   1  3  0  0  0  7/15   15:36   4:53   2:03 
Steve Downie             0  1  1   0  0   5  1  0  0  0  0/0    13:33   4:54   0:00 
Tyler Sloan              0  0  0   0  0   0  0  0  0  0  0/0    12:39   0:00   2:01 

Players Stats for Coyotes

Player Name              G  A  P  +/- PIM S  H  SB GA TA FO     MP     PP MP  PK MP  
------------------------------------------------------------------------------------
Adrian Aucoin            0  0  0   0  2   1  0  0  0  0  0/0    13:31   0:00   0:48 
Anton Stralman           0  0  0  -1  2   1  0  0  1  1  0/0    19:49   4:30   3:10 
Chad Larose              0  0  0   0  4   0  0  1  1  0  0/0    12:09   0:09   3:14 
Denis Grebeshkov         0  0  0  -1  0   0  2  2  0  2  0/0    26:58   8:31   5:58 
Drew Miller              0  0  0   0  0   1  0  0  0  1  3/8    17:06   0:09   5:13 
Erik Christensen         0  0  0   0  0   2  2  0  0  0  3/4     8:53   0:09   0:32 
Erik Cole                0  0  0  -1  0   0  3  0  1  0  1/1    17:25   5:25   2:59 
Frans Nielsen            0  0  0   0  0   2  1  0  1  0  6/9    10:29   0:00   2:27 
Georges Laraque          0  0  0   0  0   0  2  0  0  0  0/0     8:19   0:00   0:00 
Jan Hlavac               0  0  0   0  2   0  0  0  0  0  0/0    10:50   0:00   3:17 
Kurt Sauer               0  0  0   0  0   0  1  1  0  1  0/0    18:30   0:00   5:58 
Marian Gaborik           1  0  1  -1  0   2  0  1  1  0  1/2    18:51   7:27   0:00 
Matt Taormina            0  0  0  -1  0   2  0  1  0  0  0/0    16:31   4:30   0:00 
Nazem Kadri              0  0  0  -1  2   0  0  0  0  0  4/10   15:31   5:24   1:51 
Sergei Shirokov          0  0  0  -1  0   2  0  0  1  0  0/1    14:00   5:25   0:00 
Tim Connolly             0  1  1  -1  0   3  3  0  0  0  13/23  18:51   7:27   0:00 
Tyler Ennis              0  1  1  -1  0   0  1  1  1  0  1/2    16:11   7:27   0:19 
Wade Redden              0  0  0  -1  0   1  1  2  1  0  0/0    25:13   8:31   3:58 

3 Stars

1 - Michael Rupp (Buf)
2 - Johnny Boychuk (Buf)
3 - Sam Gagner (Buf)

Power Play

Sabres - 1 on 6 Attempt(s) - 16,67%
Coyotes - 1 on 8 Attempt(s) - 12,50%

Penalty Kill

Sabres - 7 on 8 Attempt(s) - 87,50% - Score 2 goal in Penalty Kill
Coyotes - 5 on 6 Attempt(s) - 83,33% - Score 0 goal in Penalty Kill

Team Stat

Sabres - Hits : 23 - Faceoff Wins : 28 - Blocked Shots : 11 - Penalty Minutes : 16
Coyotes - Hits : 16 - Faceoff Wins : 32 - Blocked Shots : 9 - Penalty Minutes : 12

Official

Referees : Banfield David and O'Halloran Dan
Linesman : Brian Murphy and Greg Devorski

Game Notes

No Game Note

Finance

Level 1 -- Attendance: 3784 (63,07%) -- Ticket Income 378 400 $
Level 2 -- Attendance: 3276 (65,52%) -- Ticket Income 196 560 $
Level 3 -- Attendance: 1235 (61,75%) -- Ticket Income 46 930 $
Level 4 -- Attendance: 2543 (63,58%) -- Ticket Income 71 204 $
Luxury Box -- Attendance: 618 (61,80%) -- Ticket Income 123 600 $
Game was played at the The Pack Center'
Total Attendance: 11456 (63,64%)
Total Ticket Income: 816 694 $
Other Income: 122 504 $
Total Income: 939 198 $

Sabres

5 vs 5 Forward 
   Center                   Left Wing                Right Wing               Time % Phy DF OF 
 1 Derick Brassard          Ryan Hollweg             Niclas Bergfors          40     1   2  2  
 2 Sam Gagner               Antoine Roussel          Steve Downie             30     1   2  2  
 3 Greg Campbell            Michael Rupp             Jonas Hoglund            20     1   3  1  
 4 Mike Fisher              Mike Leclerc             Daniel Cleary            10     1   3  1  

5 vs 5 Defense 
   Defense                  Defense                                           Time % Phy DF OF 
 1 Ole-Kristian Tollefsen   Joni Pitkanen                                     30     1   3  1  
 2 Johnny Boychuk           Jay McKee                                         30     1   3  1  
 3 Nathan Paetsch           Tyler Sloan                                       30     1   3  1  
 4 Ole-Kristian Tollefsen   Joni Pitkanen                                     10     1   2  2  

PowerPlay Forward 
   Center                   Left Wing                Right Wing               Time % Phy DF OF 
 1 Derick Brassard          Ryan Hollweg             Niclas Bergfors          60     1   1  3  
 2 Sam Gagner               Antoine Roussel          Steve Downie             40     1   1  3  

PowerPlay Defense
   Defense                  Defense                                           Time % Phy DF OF 
 1 Ole-Kristian Tollefsen   Joni Pitkanen                                     60     1   2  2  
 2 Johnny Boychuk           Jay McKee                                         40     1   2  2  

Penalty Kill 4 Players Forward 
   Center                   Wing                     Time % Phy DF OF 
 1 Greg Campbell            Mike Leclerc             60     1   4  0  
 2 Mike Fisher              Daniel Cleary            40     1   4  0  

Penalty Kill 4 Players Defense
   Defense                  Defense                  Time % Phy DF OF 
 1 Ole-Kristian Tollefsen   Joni Pitkanen            60     1   2  2  
 2 Johnny Boychuk           Jay McKee                40     1   2  2  

Penalty Kill - 3 Players Forward 
   Forward                                           Time % Phy DF OF 
 1 Mike Leclerc                                      60     1   4  0  
 2 Daniel Cleary                                     40     1   4  0  

Penalty Kill - 3 Players Defense
   Defense                  Defense                  Time % Phy DF OF 
 1 Ole-Kristian Tollefsen   Joni Pitkanen            60     1   4  0  
 2 Johnny Boychuk           Jay McKee                40     1   4  0  

4 vs 4 Forward 
   Center                   Wing                     Time % Phy DF OF 
 1 Niclas Bergfors          Derick Brassard          60     1   2  2  
 2 Steve Downie             Antoine Roussel          40     1   2  2  

4 vs 4 Defense
   Defense                  Defense                  Time % Phy DF OF 
 1 Ole-Kristian Tollefsen   Joni Pitkanen            60     1   3  1  
 2 Johnny Boychuk           Jay McKee                40     1   3  1  

Last Minutes Offensive
   Center                   Left Wing                Right Wing               Defense                  Defense                  
   Derick Brassard          Ryan Hollweg             Niclas Bergfors          Ole-Kristian Tollefsen   Joni Pitkanen            

Last Minutes Defensive
   Center                   Left Wing                Right Wing               Defense                  Defense                  
   Derick Brassard          Ryan Hollweg             Niclas Bergfors          Ole-Kristian Tollefsen   Joni Pitkanen            

Goaltenders
Starting : Michal Neuvirth          
Backup : Jonas Hiller             

Extra Forwards
Normal : Michael Rupp, Daniel Cleary, Mike Leclerc - PP : Michael Rupp, Daniel Cleary - PK : Mike Leclerc
Extra Defensemen
Normal : Nathan Paetsch, Tyler Sloan, Johnny Boychuk - PP : Nathan Paetsch - PK : Tyler Sloan, Johnny Boychuk
Penalty Shots
Niclas Bergfors, Derick Brassard, Steve Downie, Jonas Hoglund, Ryan Hollweg

Coyotes

5 vs 5 Forward 
   Center                   Left Wing                Right Wing               Time % Phy DF OF 
 1 Tim Connolly             Drew Miller              Marian Gaborik           34     0   1  4  
 2 Nazem Kadri              Tyler Ennis              Chad Larose              27     0   2  3  
 3 Frans Nielsen            Erik Cole                Sergei Shirokov          23     1   3  1  
 4 Erik Christensen         Jan Hlavac               Georges Laraque          16     3   1  1  

5 vs 5 Defense 
   Defense                  Defense                                           Time % Phy DF OF 
 1 Denis Grebeshkov         Anton Stralman                                    40     1   1  3  
 2 Wade Redden              Kurt Sauer                                        32     1   3  1  
 3 Adrian Aucoin            Matt Taormina                                     27     1   2  2  
 4 Anton Stralman           Denis Grebeshkov                                  1      0   4  1  

PowerPlay Forward 
   Center                   Left Wing                Right Wing               Time % Phy DF OF 
 1 Tim Connolly             Tyler Ennis              Marian Gaborik           60     0   0  5  
 2 Nazem Kadri              Erik Cole                Sergei Shirokov          40     0   0  5  

PowerPlay Defense
   Defense                  Defense                                           Time % Phy DF OF 
 1 Wade Redden              Denis Grebeshkov                                  60     0   0  5  
 2 Anton Stralman           Matt Taormina                                     40     0   0  5  

Penalty Kill 4 Players Forward 
   Center                   Wing                     Time % Phy DF OF 
 1 Drew Miller              Chad Larose              60     0   5  0  
 2 Frans Nielsen            Jan Hlavac               40     0   5  0  

Penalty Kill 4 Players Defense
   Defense                  Defense                  Time % Phy DF OF 
 1 Denis Grebeshkov         Kurt Sauer               60     0   5  0  
 2 Wade Redden              Anton Stralman           40     0   5  0  

Penalty Kill - 3 Players Forward 
   Forward                                           Time % Phy DF OF 
 1 Drew Miller                                       60     0   5  0  
 2 Frans Nielsen                                     40     0   5  0  

Penalty Kill - 3 Players Defense
   Defense                  Defense                  Time % Phy DF OF 
 1 Denis Grebeshkov         Wade Redden              60     0   5  0  
 2 Kurt Sauer               Anton Stralman           40     0   5  0  

4 vs 4 Forward 
   Center                   Wing                     Time % Phy DF OF 
 1 Tim Connolly             Marian Gaborik           56     1   1  3  
 2 Frans Nielsen            Drew Miller              44     1   3  1  

4 vs 4 Defense
   Defense                  Defense                  Time % Phy DF OF 
 1 Denis Grebeshkov         Kurt Sauer               56     1   3  1  
 2 Wade Redden              Anton Stralman           44     1   3  1  

Last Minutes Offensive
   Center                   Left Wing                Right Wing               Defense                  Defense                  
   Tim Connolly             Tyler Ennis              Marian Gaborik           Denis Grebeshkov         Wade Redden              

Last Minutes Defensive
   Center                   Left Wing                Right Wing               Defense                  Defense                  
   Frans Nielsen            Drew Miller              Erik Cole                Denis Grebeshkov         Kurt Sauer               

Goaltenders
Starting : Ryan Miller              
Backup : Marc Denis               

Extra Forwards
Normal : Marian Gaborik, Tyler Ennis, Sergei Shirokov - PP : Marian Gaborik, Erik Christensen - PK : Chad Larose
Extra Defensemen
Normal : Wade Redden, Denis Grebeshkov, Anton Stralman - PP : Wade Redden - PK : Kurt Sauer, Anton Stralman
Penalty Shots
Tyler Ennis, Marian Gaborik, Tim Connolly, Jan Hlavac, Sergei Shirokov

% Time on Ice - Sabres

Lines # - Real PCT - Wanted PCT - Time Play
Normal Forward
1 - 39% - 40% - 14:02
2 - 25% - 30% - 9:03
3 - 20% - 20% - 7:06
4 - 17% - 10% - 6:01
Normal Defense
1 - 34% - 30% - 12:20
2 - 30% - 30% - 10:52
3 - 29% - 30% - 10:38
4 - 7% - 10% - 2:22
PP Forward
1 - 51% - 60% - 5:02
2 - 49% - 40% - 4:54
PP Defense
1 - 48% - 60% - 4:49
2 - 52% - 40% - 5:07
PK Forward
1 - 74% - 60% - 8:51
2 - 26% - 40% - 3:02
PK Defense
1 - 62% - 60% - 7:20
2 - 38% - 40% - 4:33
PK3 Forward
1 - 100% - 60% - 1:08
2 - 0% - 40% - 0:00
PK3 Defense
1 - 49% - 60% - 0:33
2 - 51% - 40% - 0:35
44 Forward
1 - 71% - 60% - 0:36
2 - 29% - 40% - 0:15
44 Defense
1 - 100% - 60% - 0:51
2 - 0% - 40% - 0:00
Last Minute Offensive  - 0:00
Last Minute Defensive  - 0:00
Total
Forward - 60:00
Defense - 60:00

% Time on Ice - Coyotes

Lines # - Real PCT - Wanted PCT - Time Play
Normal Forward
1 - 33% - 34% - 11:54
2 - 26% - 27% - 9:31
3 - 21% - 23% - 7:36
4 - 20% - 16% - 7:11
Normal Defense
1 - 34% - 40% - 12:27
2 - 34% - 32% - 12:09
3 - 32% - 27% - 11:36
4 - 0% - 1% - 0:00
PP Forward
1 - 58% - 60% - 7:36
2 - 42% - 40% - 5:25
PP Defense
1 - 65% - 60% - 8:31
2 - 35% - 40% - 4:30
PK Forward
1 - 75% - 60% - 7:29
2 - 25% - 40% - 2:27
PK Defense
1 - 60% - 60% - 5:58
2 - 40% - 40% - 3:58
PK3 Forward
1 - 0% - 60%
2 - 0% - 40%
PK3 Defense
1 - 0% - 60%
2 - 0% - 40%
44 Forward
1 - 57% - 56% - 0:29
2 - 43% - 44% - 0:22
44 Defense
1 - 67% - 56% - 0:34
2 - 33% - 44% - 0:17
Last Minute Offensive  - 0:00
Last Minute Defensive  - 0:00
Total
Forward - 60:00
Defense - 60:00

Play by Play

1st period


0:01 of 1st period - Derick Brassard wins face-off versus Tim Connolly in neutral zone.
0:11 of 1st period - Minor Penalty to Anton Stralman for Boarding.
0:12 of 1st period - Derick Brassard wins face-off versus Drew Miller in Coyotes zone.
0:12 of 1st period - Wrist shot by Niclas Bergfors.
0:12 of 1st period - Stopped by Ryan Miller with a rebound.
0:14 of 1st period - Slapshot by Joni Pitkanen.
0:14 of 1st period - Shot Misses the Net.
0:16 of 1st period - Slapshot by Ole-Kristian Tollefsen.
0:16 of 1st period - Deflect By Niclas Bergfors.
0:16 of 1st period - Stopped by Ryan Miller without a rebound.
0:17 of 1st period - Derick Brassard wins face-off versus Drew Miller in Coyotes zone.
0:24 of 1st period - Wrist shot by Niclas Bergfors.
0:24 of 1st period - Stopped by Ryan Miller with a rebound.
0:48 of 1st period - Denis Grebeshkov is hit by Antoine Roussel and loses puck.
0:56 of 1st period - Icing by Ole-Kristian Tollefsen.
0:57 of 1st period - Drew Miller wins face-off versus Sam Gagner in Sabres zone.
1:38 of 1st period - Snap shot by Steve Downie.
1:38 of 1st period - Stopped by Ryan Miller with a rebound.
1:40 of 1st period - Slapshot by Joni Pitkanen.
1:40 of 1st period - Deflect By Antoine Roussel.
1:40 of 1st period - Shot Misses the Net.
1:40 of 1st period - Puck is out of play.
1:41 of 1st period - Frans Nielsen wins face-off versus Derick Brassard in Coyotes zone.
1:56 of 1st period - Wrist shot by Frans Nielsen.
1:56 of 1st period - Stopped by Michal Neuvirth without a rebound.
1:57 of 1st period - Frans Nielsen wins face-off versus Derick Brassard in Sabres zone.
2:11 of 1st period - Penalty to Anton Stralman is over, Anton Stralman is back on ice.
5:10 of 1st period - Matt Taormina is hit by Greg Campbell and loses puck.
5:20 of 1st period - Icing by Matt Taormina.
5:21 of 1st period - Erik Christensen wins face-off versus Derick Brassard in Coyotes zone.
5:45 of 1st period - Snap shot by Erik Christensen.
5:45 of 1st period - Stopped by Michal Neuvirth with a rebound.
5:47 of 1st period - Snap shot by Erik Christensen.
5:47 of 1st period - Stopped by Michal Neuvirth without a rebound.
5:48 of 1st period - Nazem Kadri wins face-off versus Sam Gagner in Sabres zone.
6:59 of 1st period - Frans Nielsen is hit by Sam Gagner and loses puck.
7:12 of 1st period - Antoine Roussel is hit by Denis Grebeshkov and loses puck.
9:17 of 1st period - Icing by Johnny Boychuk.
9:18 of 1st period - Derick Brassard wins face-off versus Frans Nielsen in Sabres zone.
9:29 of 1st period - Snap shot by Steve Downie.
9:29 of 1st period - Stopped by Ryan Miller without a rebound.
9:30 of 1st period - Sam Gagner wins face-off versus Tim Connolly in Coyotes zone.
9:31 of 1st period - Wrist shot by Steve Downie.
9:31 of 1st period - Stopped by Ryan Miller without a rebound.
9:32 of 1st period - Tim Connolly wins face-off versus Sam Gagner in Coyotes zone.
9:38 of 1st period - Off-side.
9:39 of 1st period - Sam Gagner wins face-off versus Tim Connolly in neutral zone.
9:57 of 1st period - Snap shot by Steve Downie.
9:57 of 1st period - Stopped by Ryan Miller without a rebound.
9:58 of 1st period - Derick Brassard wins face-off versus Nazem Kadri in Coyotes zone.
10:11 of 1st period - Wrist shot by Niclas Bergfors.
10:11 of 1st period - Shot Blocked by Wade Redden.
10:13 of 1st period - Snap shot by Niclas Bergfors.
10:13 of 1st period - Stopped by Ryan Miller without a rebound.
10:14 of 1st period - Frans Nielsen wins face-off versus Sam Gagner in Coyotes zone.
10:14 of 1st period - Frans Nielsen is hit by Antoine Roussel.
10:20 of 1st period - Sam Gagner is hit by Frans Nielsen and loses puck.
10:29 of 1st period - Snap shot by Sergei Shirokov.
10:29 of 1st period - Shot Misses the Net.
10:47 of 1st period - Snap shot by Chad Larose.
10:47 of 1st period - Shot Blocked by Ole-Kristian Tollefsen.
10:51 of 1st period - Snap shot by Tyler Ennis.
10:51 of 1st period - Shot Misses the Net.
11:25 of 1st period - Slapshot by Anton Stralman.
11:25 of 1st period - Shot Misses the Net.
12:11 of 1st period - Off-side.
12:12 of 1st period - Derick Brassard wins face-off versus Tim Connolly in neutral zone.
12:30 of 1st period - Wrist shot by Niclas Bergfors.
12:30 of 1st period - Stopped by Ryan Miller with a rebound.
12:32 of 1st period - Snap shot by Ryan Hollweg.
12:32 of 1st period - Shot Misses the Net.
12:34 of 1st period - Wrist shot by Niclas Bergfors.
12:34 of 1st period - Stopped by Ryan Miller without a rebound.
12:35 of 1st period - Sam Gagner wins face-off versus Nazem Kadri in Coyotes zone.
12:36 of 1st period - Slapshot by Joni Pitkanen.
12:36 of 1st period - Deflect By Antoine Roussel.
12:36 of 1st period - Shot Misses the Net.
12:36 of 1st period - Puck is out of play.
12:37 of 1st period - Nazem Kadri wins face-off versus Sam Gagner in Coyotes zone.
12:44 of 1st period - Slapshot by Chad Larose.
12:44 of 1st period - Shot Misses the Net.
14:01 of 1st period - Snap shot by Daniel Cleary.
14:01 of 1st period - Stopped by Ryan Miller with a rebound.
14:32 of 1st period - Ole-Kristian Tollefsen is hit by Erik Cole and loses puck.
14:58 of 1st period - Drew Miller is hit by Michael Rupp.
15:27 of 1st period - Minor Penalty to Chad Larose for Tripping.
15:28 of 1st period - Derick Brassard wins face-off versus Drew Miller in Coyotes zone.
17:27 of 1st period - Penalty to Chad Larose is over, Chad Larose is back on ice.
17:50 of 1st period - Slapshot by Daniel Cleary.
17:50 of 1st period - Deflect By Mike Fisher.
17:50 of 1st period - Shot Misses the Net.
17:50 of 1st period - Puck is out of play.
17:51 of 1st period - Erik Christensen wins face-off versus Mike Fisher in Coyotes zone.
18:15 of 1st period - Snap shot by Mike Fisher.
18:15 of 1st period - Stopped by Ryan Miller with a rebound.
18:17 of 1st period - Slapshot by Ole-Kristian Tollefsen.
18:17 of 1st period - Shot Misses the Net.
18:19 of 1st period - Slapshot by Daniel Cleary.
18:19 of 1st period - Stopped by Ryan Miller without a rebound.
18:20 of 1st period - Tim Connolly wins face-off versus Derick Brassard in Coyotes zone.
18:27 of 1st period - Wrist shot by Niclas Bergfors.
18:27 of 1st period - Shot Hit the Post.
Goals for this period are 0 for Sabres vs 0 for Coyotes.
Shots for this period are 13 for Sabres vs 3 for Coyotes.

2nd period


0:01 of 2nd period - Tim Connolly wins face-off versus Derick Brassard in neutral zone.
0:33 of 2nd period - Slapshot by Wade Redden.
0:33 of 2nd period - Stopped by Michal Neuvirth with a rebound.
0:39 of 2nd period - Steve Downie is hit by Kurt Sauer and loses puck.
1:16 of 2nd period - Slapshot by Greg Campbell.
1:16 of 2nd period - Stopped by Ryan Miller without a rebound.
1:17 of 2nd period - Derick Brassard wins face-off versus Erik Christensen in Coyotes zone.
1:43 of 2nd period - Minor Penalty to Antoine Roussel for Hooking.
1:44 of 2nd period - Greg Campbell wins face-off versus Tim Connolly in Sabres zone.
2:19 of 2nd period - Wrist shot by Sergei Shirokov.
2:19 of 2nd period - Stopped by Michal Neuvirth with a rebound.
3:43 of 2nd period - Penalty to Antoine Roussel is over, Antoine Roussel is back on ice.
3:54 of 2nd period - Snap shot by Jan Hlavac.
3:54 of 2nd period - Shot Blocked by Joni Pitkanen.
3:56 of 2nd period - Slapshot by Matt Taormina.
3:56 of 2nd period - Shot Hit the Post.
4:07 of 2nd period - Minor Penalty to Adrian Aucoin for Holding Stick.
4:08 of 2nd period - Drew Miller wins face-off versus Derick Brassard in Coyotes zone.
4:08 of 2nd period - Drew Miller is hit by Derick Brassard.
4:41 of 2nd period - Wrist shot by Steve Downie.
4:41 of 2nd period - Stopped by Ryan Miller with a rebound.
4:43 of 2nd period - Snap shot by Johnny Boychuk.
4:43 of 2nd period - Shot Blocked by Denis Grebeshkov.
6:07 of 2nd period - Penalty to Adrian Aucoin is over, Adrian Aucoin is back on ice.
6:11 of 2nd period - Wrist shot by Adrian Aucoin.
6:11 of 2nd period - Shot Misses the Net.
6:17 of 2nd period - Erik Cole is hit by Greg Campbell and loses puck.
6:51 of 2nd period - Off-side.
6:52 of 2nd period - Nazem Kadri wins face-off versus Greg Campbell in neutral zone.
6:57 of 2nd period - Snap shot by Tyler Ennis.
6:57 of 2nd period - Shot Blocked by Nathan Paetsch.
7:32 of 2nd period - Niclas Bergfors is hit by Erik Christensen and loses puck.
8:06 of 2nd period - Minor Penalty to Mike Fisher for Slashing.
8:07 of 2nd period - Greg Campbell wins face-off versus Tim Connolly in Sabres zone.
8:12 of 2nd period - Snap shot by Mike Leclerc.
8:12 of 2nd period - Deflect By Greg Campbell.
8:12 of 2nd period - Shot Blocked by Wade Redden.
8:12 of 2nd period - Puck is out of play.
8:13 of 2nd period - Greg Campbell wins face-off versus Tim Connolly in Coyotes zone.
8:48 of 2nd period - Wrist shot by Sam Gagner.
8:48 of 2nd period - Goal by Sam Gagner - Sabres : 1 - Coyotes : 0.
8:49 of 2nd period - Mike Leclerc wins face-off versus Tyler Ennis in neutral zone.
8:52 of 2nd period - Slapshot by Joni Pitkanen.
8:52 of 2nd period - Shot Misses the Net.
9:06 of 2nd period - Backhand shot by Marian Gaborik.
9:06 of 2nd period - Shot Misses the Net.
9:45 of 2nd period - Slapshot by Joni Pitkanen.
9:45 of 2nd period - Stopped by Ryan Miller with a rebound.
9:55 of 2nd period - Greg Campbell is hit by Tim Connolly and loses puck.
10:06 of 2nd period - Penalty to Mike Fisher is over, Mike Fisher is back on ice.
10:11 of 2nd period - Off-side.
10:12 of 2nd period - Erik Christensen wins face-off versus Derick Brassard in neutral zone.
10:20 of 2nd period - Ryan Hollweg is hit by Erik Christensen and loses puck.
10:26 of 2nd period - Off-side.
10:27 of 2nd period - Tim Connolly wins face-off versus Sam Gagner in neutral zone.
10:45 of 2nd period - Minor Penalty to Antoine Roussel for Diving.
10:46 of 2nd period - Greg Campbell wins face-off versus Tim Connolly in Sabres zone.
10:56 of 2nd period - Snap shot by Tim Connolly.
10:56 of 2nd period - Stopped by Michal Neuvirth without a rebound.
10:57 of 2nd period - Tim Connolly wins face-off versus Greg Campbell in Sabres zone.
11:08 of 2nd period - Wrist shot by Greg Campbell.
11:08 of 2nd period - Shot Misses the Net.
11:28 of 2nd period - Slapshot by Denis Grebeshkov.
11:28 of 2nd period - Shot Blocked by Joni Pitkanen.
11:53 of 2nd period - Minor Penalty to Nazem Kadri for Tripping.
11:54 of 2nd period - Tim Connolly wins face-off versus Niclas Bergfors in Coyotes zone.
12:45 of 2nd period - Penalty to Antoine Roussel is over, Antoine Roussel is back on ice.
12:45 of 2nd period - Wrist shot by Michael Rupp.
12:45 of 2nd period - Goal by Michael Rupp - Sabres : 2 - Coyotes : 0.
12:46 of 2nd period - Marian Gaborik wins face-off versus Derick Brassard in neutral zone.
12:51 of 2nd period - Slapshot by Marian Gaborik.
12:51 of 2nd period - Shot Blocked by Niclas Bergfors.
13:01 of 2nd period - Snap shot by Drew Miller.
13:01 of 2nd period - Stopped by Michal Neuvirth with a rebound.
13:03 of 2nd period - Minor Penalty to Jay McKee for Holding.
13:04 of 2nd period - Tim Connolly wins face-off versus Greg Campbell in Sabres zone.
13:09 of 2nd period - Wrist shot by Tim Connolly.
13:09 of 2nd period - Stopped by Michal Neuvirth with a rebound.
13:11 of 2nd period - Snap shot by Tim Connolly.
13:11 of 2nd period - Shot Misses the Net.
13:13 of 2nd period - Backhand shot by Tyler Ennis.
13:13 of 2nd period - Shot Misses the Net.
13:31 of 2nd period - Denis Grebeshkov is hit by Daniel Cleary and loses puck.
13:38 of 2nd period - Slapshot by Anton Stralman.
13:38 of 2nd period - Deflect By Sergei Shirokov.
13:38 of 2nd period - Stopped by Michal Neuvirth with a rebound.
14:04 of 2nd period - Wrist shot by Sergei Shirokov.
14:04 of 2nd period - Shot Misses the Net.
14:06 of 2nd period - Snap shot by Matt Taormina.
14:06 of 2nd period - Stopped by Michal Neuvirth with a rebound.
14:08 of 2nd period - Wrist shot by Anton Stralman.
14:08 of 2nd period - Stopped by Michal Neuvirth with a rebound.
14:20 of 2nd period - Ole-Kristian Tollefsen is hit by Wade Redden and loses puck.
14:27 of 2nd period - Wrist shot by Tim Connolly.
14:27 of 2nd period - Shot Misses the Net.
14:51 of 2nd period - Backhand shot by Johnny Boychuk.
14:51 of 2nd period - Deflect By Matt Taormina.
14:51 of 2nd period - Goal by Johnny Boychuk - Sabres : 3 - Coyotes : 0.
14:52 of 2nd period - Tim Connolly wins face-off versus Greg Campbell in neutral zone.
15:03 of 2nd period - Penalty to Jay McKee is over, Jay McKee is back on ice.
15:23 of 2nd period - Erik Cole is hit by Niclas Bergfors.
15:24 of 2nd period - Icing by Erik Cole.
15:25 of 2nd period - Frans Nielsen wins face-off versus Derick Brassard in Coyotes zone.
15:32 of 2nd period - Sergei Shirokov is hit by Ryan Hollweg and loses puck.
16:16 of 2nd period - Minor Penalty to Sam Gagner for Cross-checking.
16:17 of 2nd period - Tyler Ennis wins face-off versus Greg Campbell in Sabres zone.
16:18 of 2nd period - Wrist shot by Tim Connolly.
16:18 of 2nd period - Shot Blocked by Ole-Kristian Tollefsen.
16:40 of 2nd period - Tim Connolly is hit by Ole-Kristian Tollefsen and loses puck.
16:53 of 2nd period - Wrist shot by Marian Gaborik.
16:53 of 2nd period - Shot Blocked by Joni Pitkanen.
16:55 of 2nd period - Snap shot by Tim Connolly.
16:55 of 2nd period - Stopped by Michal Neuvirth without a rebound.
16:56 of 2nd period - Nazem Kadri wins face-off versus Mike Fisher in Sabres zone.
16:57 of 2nd period - Snap shot by Sergei Shirokov.
16:57 of 2nd period - Shot Misses the Net.
16:59 of 2nd period - Slapshot by Matt Taormina.
16:59 of 2nd period - Deflect By Johnny Boychuk.
16:59 of 2nd period - Stopped by Michal Neuvirth with a rebound.
17:01 of 2nd period - Snap shot by Matt Taormina.
17:01 of 2nd period - Shot Misses the Net.
17:03 of 2nd period - Snap shot by Erik Cole.
17:03 of 2nd period - Deflect By Nazem Kadri.
17:03 of 2nd period - Shot Blocked by Johnny Boychuk.
17:03 of 2nd period - Puck is out of play.
17:04 of 2nd period - Greg Campbell wins face-off versus Nazem Kadri in Sabres zone.
17:04 of 2nd period - Greg Campbell is hit by Erik Cole.
17:07 of 2nd period - Minor Penalty to Mike Leclerc for Hooking.
17:08 of 2nd period - Greg Campbell wins face-off versus Tim Connolly in Sabres zone.
17:16 of 2nd period - Joni Pitkanen is hit by Tim Connolly and loses puck.
17:25 of 2nd period - Snap shot by Marian Gaborik.
17:25 of 2nd period - Shot Misses the Net.
18:16 of 2nd period - Penalty to Sam Gagner is over, Sam Gagner is back on ice.
18:30 of 2nd period - Icing by Denis Grebeshkov.
18:31 of 2nd period - Tim Connolly wins face-off versus Sam Gagner in Coyotes zone.
18:38 of 2nd period - Erik Cole is hit by Ole-Kristian Tollefsen and loses puck.
19:07 of 2nd period - Penalty to Mike Leclerc is over, Mike Leclerc is back on ice.
19:34 of 2nd period - Snap shot by Michael Rupp.
19:34 of 2nd period - Stopped by Ryan Miller without a rebound.
19:35 of 2nd period - Frans Nielsen wins face-off versus Derick Brassard in Coyotes zone.
19:44 of 2nd period - Snap shot by Niclas Bergfors.
19:44 of 2nd period - Shot Misses the Net.
19:53 of 2nd period - Icing by Sergei Shirokov.
19:54 of 2nd period - Sam Gagner wins face-off versus Frans Nielsen in Coyotes zone.
19:57 of 2nd period - Snap shot by Antoine Roussel.
19:57 of 2nd period - Stopped by Ryan Miller with a rebound.
19:59 of 2nd period - Slapshot by Jay McKee.
19:59 of 2nd period - Stopped by Ryan Miller with a rebound.
Goals for this period are 3 for Sabres vs 0 for Coyotes.
Shots for this period are 9 for Sabres vs 10 for Coyotes.

3rd period


0:01 of 3rd period - Tim Connolly wins face-off versus Derick Brassard in neutral zone.
0:04 of 3rd period - Snap shot by Drew Miller.
0:04 of 3rd period - Shot Misses the Net.
0:12 of 3rd period - Wrist shot by Niclas Bergfors.
0:12 of 3rd period - Shot Hit the Post.
0:14 of 3rd period - Snap shot by Ryan Hollweg.
0:14 of 3rd period - Shot Blocked by Denis Grebeshkov.
0:16 of 3rd period - Snap shot by Ryan Hollweg.
0:16 of 3rd period - Shot Misses the Net.
0:36 of 3rd period - Wrist shot by Tyler Ennis.
0:36 of 3rd period - Shot Blocked by Johnny Boychuk.
0:46 of 3rd period - Wrist shot by Greg Campbell.
0:46 of 3rd period - Shot Blocked by Kurt Sauer.
0:48 of 3rd period - Snap shot by Michael Rupp.
0:48 of 3rd period - Stopped by Ryan Miller without a rebound.
0:49 of 3rd period - Frans Nielsen wins face-off versus Greg Campbell in Coyotes zone.
0:58 of 3rd period - Slapshot by Frans Nielsen.
0:58 of 3rd period - Shot Misses the Net.
1:20 of 3rd period - Off-side.
1:21 of 3rd period - Drew Miller wins face-off versus Niclas Bergfors in neutral zone.
1:26 of 3rd period - Snap shot by Tim Connolly.
1:26 of 3rd period - Shot Blocked by Derick Brassard.
1:48 of 3rd period - Tyler Ennis is hit by Sam Gagner.
2:25 of 3rd period - Matt Taormina is hit by Ole-Kristian Tollefsen and loses puck.
2:42 of 3rd period - Minor Penalty to Jan Hlavac for Interference.
2:43 of 3rd period - Derick Brassard wins face-off versus Drew Miller in Coyotes zone.
3:22 of 3rd period - Slapshot by Joni Pitkanen.
3:22 of 3rd period - Deflect By Frans Nielsen.
3:22 of 3rd period - Stopped by Ryan Miller without a rebound.
3:23 of 3rd period - Sam Gagner wins face-off versus Frans Nielsen in Coyotes zone.
3:41 of 3rd period - Wrist shot by Antoine Roussel.
3:41 of 3rd period - Stopped by Ryan Miller with a rebound.
4:42 of 3rd period - Penalty to Jan Hlavac is over, Jan Hlavac is back on ice.
5:20 of 3rd period - Slapshot by Michael Rupp.
5:20 of 3rd period - Deflect By Jonas Hoglund.
5:20 of 3rd period - Stopped by Ryan Miller with a rebound.
5:22 of 3rd period - Snap shot by Ole-Kristian Tollefsen.
5:22 of 3rd period - Shot Blocked by Matt Taormina.
5:24 of 3rd period - Slapshot by Greg Campbell.
5:24 of 3rd period - Shot Blocked by Tyler Ennis.
5:26 of 3rd period - Slapshot by Ole-Kristian Tollefsen.
5:26 of 3rd period - Shot Misses the Net.
5:28 of 3rd period - Backhand shot by Ole-Kristian Tollefsen.
5:28 of 3rd period - Stopped by Ryan Miller without a rebound.
5:29 of 3rd period - Sam Gagner wins face-off versus Sergei Shirokov in Coyotes zone.
5:44 of 3rd period - Slapshot by Frans Nielsen.
5:44 of 3rd period - Stopped by Michal Neuvirth with a rebound.
6:00 of 3rd period - Wade Redden is hit by Nathan Paetsch and loses puck.
6:44 of 3rd period - Icing by Daniel Cleary.
6:45 of 3rd period - Mike Fisher wins face-off versus Nazem Kadri in Sabres zone.
6:45 of 3rd period - Mike Fisher is hit by Denis Grebeshkov.
7:16 of 3rd period - Snap shot by Daniel Cleary.
7:16 of 3rd period - Shot Misses the Net.
7:18 of 3rd period - Snap shot by Daniel Cleary.
7:18 of 3rd period - Shot Misses the Net.
7:20 of 3rd period - Wrist shot by Mike Leclerc.
7:20 of 3rd period - Deflect By Tyler Ennis.
7:20 of 3rd period - Shot Blocked by Chad Larose.
7:20 of 3rd period - Puck is out of play.
7:21 of 3rd period - Derick Brassard wins face-off versus Marian Gaborik in Coyotes zone.
7:28 of 3rd period - Wrist shot by Ryan Hollweg.
7:28 of 3rd period - Shot Misses the Net.
7:30 of 3rd period - Slapshot by Ole-Kristian Tollefsen.
7:30 of 3rd period - Deflect By Ryan Hollweg.
7:30 of 3rd period - Shot Blocked by Marian Gaborik.
7:30 of 3rd period - Puck is out of play.
7:31 of 3rd period - Derick Brassard wins face-off versus Drew Miller in Coyotes zone.
8:06 of 3rd period - Niclas Bergfors is hit by Tim Connolly and loses puck.
8:23 of 3rd period - Snap shot by Niclas Bergfors.
8:23 of 3rd period - Stopped by Ryan Miller without a rebound.
8:24 of 3rd period - Sam Gagner wins face-off versus Nazem Kadri in Coyotes zone.
8:28 of 3rd period - Minor Penalty to Chad Larose for Tripping.
8:29 of 3rd period - Erik Cole wins face-off versus Sam Gagner in Coyotes zone.
8:55 of 3rd period - Denis Grebeshkov is hit by Ryan Hollweg and loses puck.
9:40 of 3rd period - Nazem Kadri is hit by Ryan Hollweg and loses puck.
10:07 of 3rd period - Tyler Ennis is hit by Ryan Hollweg and loses puck.
10:28 of 3rd period - Penalty to Chad Larose is over, Chad Larose is back on ice.
10:40 of 3rd period - Snap shot by Drew Miller.
10:40 of 3rd period - Shot Misses the Net.
10:46 of 3rd period - Matt Taormina is hit by Mike Fisher and loses puck.
11:22 of 3rd period - Slapshot by Adrian Aucoin.
11:22 of 3rd period - Stopped by Michal Neuvirth with a rebound.
11:38 of 3rd period - Jonas Hoglund is hit by Tyler Ennis.
12:03 of 3rd period - Ole-Kristian Tollefsen is hit by Georges Laraque and loses puck.
13:08 of 3rd period - Double Minor Penalty to Jay McKee for Slashing.
13:09 of 3rd period - Tim Connolly wins face-off versus Greg Campbell in Sabres zone.
13:26 of 3rd period - Snap shot by Marian Gaborik.
13:26 of 3rd period - Stopped by Michal Neuvirth without a rebound.
13:27 of 3rd period - Greg Campbell wins face-off versus Nazem Kadri in Sabres zone.
13:36 of 3rd period - Slapshot by Wade Redden.
13:36 of 3rd period - Shot Blocked by Ole-Kristian Tollefsen.
13:55 of 3rd period - Off-side.
13:56 of 3rd period - Tim Connolly wins face-off versus Mike Fisher in neutral zone.
13:59 of 3rd period - Snap shot by Matt Taormina.
13:59 of 3rd period - Deflect By Tyler Ennis.
13:59 of 3rd period - Shot Misses the Net.
13:59 of 3rd period - Puck is out of play.
14:00 of 3rd period - Mike Fisher wins face-off versus Tim Connolly in Sabres zone.
14:15 of 3rd period - Snap shot by Marian Gaborik.
14:15 of 3rd period - Goal by Marian Gaborik - Sabres : 3 - Coyotes : 1.
14:16 of 3rd period - Tim Connolly wins face-off versus Greg Campbell in neutral zone.
15:19 of 3rd period - Greg Campbell is hit by Erik Cole and loses puck.
16:15 of 3rd period - Penalty to Jay McKee is over, Jay McKee is back on ice.
16:21 of 3rd period - Niclas Bergfors is hit by Georges Laraque and loses puck.
16:42 of 3rd period - Adrian Aucoin is hit by Steve Downie and loses puck.
17:22 of 3rd period - Sergei Shirokov is hit by Sam Gagner and loses puck.
19:08 of 3rd period - Matt Taormina is hit by Ryan Hollweg and loses puck.
19:21 of 3rd period - Matt Taormina is hit by Johnny Boychuk and loses puck.
Goals for this period are 0 for Sabres vs 1 for Coyotes.
Shots for this period are 6 for Sabres vs 4 for Coyotes.


Output by the SimonT Hockey Simulator (STHS) for François Prévost -- Original Page W3C XHTML 1.0 Valid
Hockey Simulator - Hockey Simulation - Hockey Manager